 Dungeon Crawl Stone Soup version 0.31.0 (webtiles) character file.

Game seed: 13724010186848017365

122 qw the Shooter (level 5, 0/32 HPs)
             Began as a Gargoyle Hunter on Jan 19, 2024.
             Slain by an ice beast (6 damage)
             ... on level 3 of the Dungeon.
             The game lasted 00:00:08 (1965 turns).

qw the Shooter (Gargoyle Hunter)                    Turns: 1965, Time: 00:00:09

Health: 0/32       AC:  9    Str: 15    XL:     5   Next: 6%
Magic:  5/5        EV: 11    Int:  9    God:
Gold:   132        SH:  0    Dex: 15    Spells: 4/4 levels left

rFire   . . .        a - +0 shortbow (heavy)
rCold   . . .        (shield currently unavailable)
rNeg    + . .        c - +0 leather armour
rPois   inf          k - +2 hat
rElec   +            (no cloak)
rCorr   .            (no gloves)
SInv    .            (no boots)
Will    .....        e - amulet of faith
Stlth   ++           (no ring)
HPRegen 0.25/turn    (no ring)
MPRegen 0.09/turn

%: faith
@: about to teleport
A: sickness immunity, AC +4, negative energy resistance 1, electricity
resistance, torment resistance 1, petrification resistance
a: no special abilities


You were on level 3 of the Dungeon.
You visited 1 branch of the dungeon, and saw 3 of its levels.

You collected 132 gold pieces.


Innate Abilities, Weirdness & Mutations

You are immune to sickness and miasma.
Your stone body is resilient. (AC +4)
You are immune to poison.
You resist negative energy. (rN+)
You are resistant to electric shocks. (rElec)
You are resistant to unholy torment.
You are immune to petrification.


   Skills:
 - Level 3.0 Fighting
 + Level 5.9 Ranged Weapons
 - Level 1.5 Dodging
 - Level 1.1 Stealth


You had 4 spell levels left.
You didn't know any spells.
Your spell library was empty.

Inventory:

Hand Weapons
 a - a +0 heavy shortbow (weapon)
Armour
 c - a +0 leather armour (worn)
 d - a +0 ring mail
 k - a +2 hat (worn)
Jewellery
 e - an amulet of faith (around neck)
 i - a ring of resist corrosion
Scrolls
 f - a scroll of enchant armour
 h - a scroll of vulnerability {unknown}
Potions
 b - 3 potions of curing

Dungeon Overview and Level Annotations

Branches:
Dungeon (3/15)

Altars:
Xom


Message History

You shoot an arrow.
The arrow hits the kobold but does no damage.
The kobold is heavily wounded.
The kobold hits you with a +0 long sword.
The kobold hits you but does no damage.
You shoot an arrow.
The arrow hits the kobold but does no damage.
The kobold is heavily wounded.
The kobold barely misses you.
You shoot an arrow. The arrow hits the kobold!
You kill the kobold!
You start resting.
HP restored.
Things that are here:
a +0 long sword; a +3 scale mail; a kobold corpse
There is an open door here.
There is an open door here.
An ice beast comes into view.
You shoot an arrow. The arrow hits the ice beast.
The ice beast is moderately wounded.
You see here a +1 dagger of venom.
An ice beast is nearby!
You shoot an arrow. The arrow closely misses the ice beast.
You shoot an arrow. The arrow hits the ice beast.
The ice beast is moderately wounded.
The ice beast hits you. The ice beast freezes you!
You shoot an arrow. The arrow closely misses the ice beast.
The ice beast closely misses you.
You shoot an arrow. The arrow closely misses the ice beast.
The ice beast hits you but does no damage.
The ice beast barely misses you.
You shoot an arrow. The arrow hits the ice beast!
The ice beast is severely wounded.
The ice beast hits you. The ice beast freezes you!
The ice beast barely misses you.
1965 ||| READING scroll of teleportation.
As you read the scroll of teleportation, it crumbles to dust.
You feel strangely unstable. The ice beast hits you. The ice beast freezes you.
You die...

.. ### #. ..#
#.# #.# . #.#
#.# .. #.# #.#
.. ##.## #(#
#.##...#####..
#.#
#....8@......8
#.#
####..Y#####..
..# ##.## ###
#####...#
##.......#
#..##.####
#'###'#
#.....#
#.~~~.#


You could see an ice beast.

Vanquished Creatures
  An orc wizard (D:3)
  2 adders (D:2)
  3 ribbon worms
  A dart slug (D:1)
  4 orcs (D:3)
  5 ball pythons
  3 endoplasms
  A giant cockroach (D:1)
  6 goblins
  7 hobgoblins
  7 jackals (D:1)
  5 quokkas
  6 bats
  A frilled lizard (D:2)
  6 kobolds
  2 rats (D:2)
60 creatures vanquished.

Notes
Turn   | Place    | Note
-------+----------+-------------------------------------------
     0 | D:1      | qw the Gargoyle Hunter began the quest for the Orb.
     0 | D:1      | Reached XP level 1. HP: 12/12 MP: 1/1
     0 | D:1      | 0 ||| qw: Version: 0.3-a-132-g3d54051
     0 | D:1      | 0 ||| qw: Game counter: 144
     0 | D:1      | 0 ||| qw: Melee chars always use a shield: true
     0 | D:1      | 0 ||| qw: God list: Okawaru
     0 | D:1      | 0 ||| qw: Allow faded altars: false
     0 | D:1      | 0 ||| qw: Do Orc after clearing Dungeon:15 true
     0 | D:1      | 0 ||| qw: Do second Lair branch before Depths: true
     0 | D:1      | 0 ||| qw: Lair rune preference: random
     0 | D:1      | 0 ||| qw: Goals: Normal
     0 | D:1      | 0 ||| PLANNING D:1-11
   106 | D:1      | Reached XP level 2. HP: 17/17 MP: 2/2
   288 | D:1      | Reached XP level 3. HP: 21/21 MP: 3/3
   322 | D:1      | Reached skill level 5 in Ranged Weapons
   755 | D:1      | 755 ||| DROPPING scarf of invisibility.
   756 | D:1      | 756 ||| UPGRADING to +2 hat.
   761 | D:1      | 761 ||| READING scroll labelled KOF SOBYIPNITU.
   762 | D:1      | 762 ||| READING 2 scrolls labelled NACZIF DEMPIJI.
   762 | D:1      | 762 ||| IDENTIFYING scroll labelled TAAZXUO EDYUN
   763 | D:1      | 763 ||| READING scroll of identify.
   763 | D:1      | 763 ||| IDENTIFYING scroll labelled UFEYRU MISK
   764 | D:1      | 764 ||| READING 2 scrolls labelled FUGIECW ECSAID.
   767 | D:1      | 767 ||| READING scroll labelled TOSOMYMU ABRUQ.
   768 | D:1      | 768 ||| DROPPING scroll of butterflies.
   769 | D:1      | 769 ||| DROPPING scroll of poison.
   770 | D:1      | 770 ||| DROPPING scroll of fog.
   843 | D:2      | 843 ||| FLEEEEING.
   938 | D:2      | Reached skill level 3 in Fighting
   979 | D:2      | 979 ||| FLEEEEING.
  1159 | D:2      | Reached XP level 4. HP: 28/28 MP: 4/4
  1613 | D:2      | 1613 ||| UPGRADING to amulet of faith.
  1618 | D:2      | 1618 ||| READING 2 scrolls of identify.
  1618 | D:2      | 1618 ||| IDENTIFYING sedimented blue potion
  1619 | D:2      | 1619 ||| READING scroll of identify.
  1619 | D:2      | 1619 ||| IDENTIFYING scroll labelled QACLED LOAPS
  1620 | D:2      | 1620 ||| READING 3 scrolls labelled RUEMIKENU.
  1620 | D:2      | 1620 ||| BRANDING +0 shortbow.
  1621 | D:2      | 1621 ||| READING 2 scrolls of brand weapon.
  1621 | D:2      | 1621 ||| BRANDING +0 shortbow of chaos.
  1622 | D:2      | 1622 ||| READING scroll of brand weapon.
  1622 | D:2      | 1622 ||| BRANDING +0 shortbow of freezing.
  1657 | D:3      | 1657 ||| STAIRDANCE
  1678 | D:3      | 1678 ||| FLEEEEING.
  1679 | D:3      | 1679 ||| FLEEEEING.
  1681 | D:3      | 1681 ||| STAIRDANCE
  1720 | D:3      | Reached XP level 5. HP: 27/32 MP: 5/5
  1720 | D:3      | 1720 ||| FLEEEEING.
  1723 | D:3      | 1723 ||| STAIRDANCE
  1779 | D:3      | Found a faded altar of an unknown god.
  1925 | D:3      | Found a shimmering altar of Xom.
  1953 | D:3      | Noticed an ice beast
  1964 | D:3      | HP: 8/32 [ice beast (12)]
  1965 | D:3      | 1965 ||| READING scroll of teleportation.
  1965 | D:3      | Slain by an ice beast

Levels and vault maps discovered:
D:1:      wander_arrival_peaceful_grave, layout_loops_cross, serial_forest,
          infiniplex_forest_lined_room_, infiniplex_forest_clump_medium,
          infiniplex_forest_straight_4, infiniplex_forest_lined_3,
          infiniplex_forest_zigzag_1, infiniplex_forest_clump_medium,
          infiniplex_forest_end_1, minmay_quantized
D:2:      layout_basic, bh_walls_and_bars
D:3:      layout_basic, mainiacjoe_overflow_six_doors_small,
          hellmonk_ecumenical_altar_lost_god, ebering_ghost_rock_garden,
          st_stairs_4, serial_bayou_pond_a, minmay_misc_feat_tower

Skill      XL: |  1  2  3 |
---------------+----------+-----
Ranged Weapons | 5 |  5.9
Fighting       | 3 |  3.0
Dodging        | |  1.5
Stealth        | |  1.1

Action                     |  1- 3 |  4- 6 || total
---------------------------+-------+-------++-------
   Fire: Shortbow          |   135 |    78 ||   213
    Use: Scroll            |     5 |     6 ||    11
 Armour: Leather armour    |    52 |    31 ||    83
  Dodge: Dodged            |    46 |    20 ||    66

Table legend:
 A = Non-vault XP
 B = Vault XP
 C = Vault XP percentage of total XP
 D = Non-vault monster count
 E = Vault monster count
 F = Vault count percentage of total count
                 A         B        C        D         E       F
            +---------+---------+-------+---------+---------+-------
      Total |     168 |       7 |   4.0 |      56 |       4 |   6.7
            +---------+---------+-------+---------+---------+-------
        D:1 |      47 |       7 |  13.0 |      26 |       4 |  13.3
        D:2 |      61 |       0 |   0.0 |      20 |       0 |   0.0
        D:3 |      60 |       0 |   0.0 |      10 |       0 |   0.0
            +---------+---------+-------+---------+---------+-------
